Monsters vs IceHogs
Created - Monday, February 17, 2025 at 20:11
Goals
|
Monsters |
1 |
0 |
0 |
1 |
IceHogs |
0 |
0 |
2 |
2 |
|
Shots
|
Monsters |
12 |
10 |
16 |
38 |
IceHogs |
17 |
9 |
11 |
37 |
|
1st period
1. Monsters , Mackie Samoskevich 30 (Mason Morelli 25, Isaak Phillips 26) at 4:30 (PP)
Penalties :
Calle Rosen (RIH) for Roughing (Minor) at 0:31, Valtteri Puustinen (RIH) for Slashing (Minor) at 2:35, Justin Barron (CLE) for Slashing (Minor) at 12:17, Zack MacEwen (CLE) for Hooking (Minor) at 16:34, Gustav Grigals (CLE) for Slashing (Double Minor) at 17:43 - Mason Morelli served the penalty.
2nd period
No Goal
Penalties :
Mike Vecchione (CLE) for Holding (Minor) at 5:03, Mackie Samoskevich (CLE) for Delaying the game (Minor) at 5:31, Jeremie Poirier (RIH) for Roughing (Minor) at 17:19
3rd period
2. IceHogs , Valtteri Puustinen 5 (Brendan Brisson 29, Dennis Gilbert 16) at 5:45
3. IceHogs , Egor Afanasyev 19 (Dominik Kubalik 34) at 18:44 (PP)
Penalties :
Jan Jenik (RIH) for Holding (Minor) at 0:35, Justin Barron (CLE) for Holding (Minor) at 3:44, Markus Niemelainen (RIH) for Fighting (Major) at 8:38, Zack MacEwen (CLE) for Fighting (Major) at 8:38, Jeremie Poirier (RIH) for Fighting (Major) at 8:38, Colton Dach (CLE) for Fighting (Major) at 8:38, Christian Fischer (RIH) for High sticking (Minor) at 8:38, Ethen Frank (RIH) for Cross-checking (Minor) at 8:38, Owen Sillinger (CLE) for Slashing (Minor) at 8:38, Isaak Phillips (CLE) for Slashing (Double Minor) at 8:38, Filip Zadina (RIH) for High sticking (Minor) at 8:38, Mason Morelli (CLE) for Tripping (Minor) at 12:01, Grant Hutton (RIH) for Roughing (Minor) at 12:14, Cam Dineen (CLE) for Roughing (Minor) at 14:26, Mason Morelli (CLE) for Tripping (Minor) at 17:26, Isaak Phillips (CLE) for Hooking (Minor) at 17:44, Egor Afanasyev (RIH) for Tripping (Minor) at 18:49, Mason Morelli (CLE) for Interference (Minor) at 18:49
Goalie Stats
Gustav Grigals (CLE), 35 saves from 37 shots - (0.946), L, 12-9-1, 60:00 minutes
Philipp Grubauer (RIH), 37 saves from 38 shots - (0.974), W, 20-12-3, 60:00 minutes
Players Stats for Monsters
Player Name G A P +/- PIM S H SB GA TA FO MP PP MP PK MP
------------------------------------------------------------------------------------
Brandon Tanev 0 0 0 0 0 4 2 0 0 0 1/4 13:10 0:44 0:00
Cam Dineen 0 0 0 0 2 1 1 0 0 0 0/0 12:55 0:44 0:00
Cole McWard 0 0 0 -1 0 1 2 1 0 0 0/0 7:09 0:00 1:34
Colton Dach 0 0 0 -1 5 5 0 0 0 0 2/5 18:39 3:44 5:45
Drew Callin 0 0 0 0 0 0 0 0 0 0 0/0 0:53 0:00 0:00
Erik Middendorf 0 0 0 0 0 0 0 0 0 0 0/0 1:15 0:09 0:00
Isaak Phillips 0 1 1 0 6 4 2 1 0 0 0/0 16:50 4:35 7:20
Jacob Larsson 0 0 0 0 0 1 0 2 0 0 0/0 21:53 4:09 6:37
Joe Hicketts 0 0 0 0 0 0 0 2 0 0 0/0 15:55 0:00 3:43
Justin Barron 0 0 0 -1 4 1 2 2 0 0 0/0 23:22 5:19 5:48
Kevin Gravel 0 0 0 0 0 1 1 3 0 0 0/0 21:51 4:09 6:35
Mackie Samoskevich 1 0 1 0 2 4 1 1 0 0 2/9 22:04 5:14 5:09
Mason Morelli 0 1 1 0 6 3 6 1 0 0 0/1 20:55 4:21 4:39
Mathias Emilio Pettersen 0 0 0 0 0 4 1 0 0 0 15/24 18:30 4:37 3:05
Mike Vecchione 0 0 0 0 2 3 0 0 0 0 7/15 10:58 0:30 0:00
Owen Sillinger 0 0 0 -1 2 1 4 0 0 0 14/26 23:19 4:51 7:25
Sean Farrell 0 0 0 0 0 3 0 0 0 0 2/3 14:08 0:30 1:09
Zack MacEwen 0 0 0 -1 7 2 3 0 0 0 3/11 13:18 3:44 0:09
Players Stats for IceHogs
Player Name G A P +/- PIM S H SB GA TA FO MP PP MP PK MP
------------------------------------------------------------------------------------
Andrew Poturalski 0 0 0 0 0 4 3 0 0 0 12/17 15:30 6:55 2:28
Brendan Brisson 0 1 1 0 0 1 0 0 0 0 0/0 18:02 7:50 0:49
Brian Halonen 0 0 0 0 0 1 1 0 0 0 0/0 6:07 0:00 0:00
Calle Rosen 0 0 0 0 2 0 3 2 0 0 0/0 24:47 7:18 3:53
Christian Fischer 0 0 0 0 2 0 1 0 0 0 0/0 16:05 0:10 5:04
Dennis Gilbert 0 1 1 0 0 2 1 3 0 0 0/0 22:42 6:56 5:48
Dominik Kubalik 0 1 1 0 0 7 2 0 0 0 0/1 17:30 7:50 1:07
Egor Afanasyev 1 0 1 0 2 4 3 0 0 0 25/45 23:26 7:59 7:06
Ethen Frank 0 0 0 0 2 0 2 0 0 0 8/18 15:12 0:10 2:58
Filip Zadina 0 0 0 0 2 6 0 0 0 0 0/2 19:58 6:55 2:58
Garrett Pilon 0 0 0 0 0 0 0 0 0 0 0/0 0:00 0:00 0:00
Grant Hutton 0 0 0 0 2 0 0 1 0 0 0/0 22:27 7:37 5:01
Jan Jenik 0 0 0 1 2 0 1 0 0 0 5/11 7:46 0:00 0:10
Jeremie Poirier 0 0 0 1 7 0 0 1 0 0 0/0 12:35 0:41 1:22
Markus Niemelainen 0 0 0 1 5 0 1 2 0 0 0/0 10:23 0:00 0:13
Nikita Zaitsev 0 0 0 0 0 4 2 3 0 0 0/0 25:16 7:18 4:52
Philip Tomasino 0 0 0 1 0 5 0 0 0 0 1/3 19:28 6:55 0:00
Valtteri Puustinen 1 0 1 1 2 3 2 0 0 0 1/1 7:36 0:00 0:00
3 Stars
1 - Philipp Grubauer (RIH)
2 - Gustav Grigals (CLE)
3 - Valtteri Puustinen (RIH)
Power Play
Monsters - 1 on 6 Attempt(s) - 16.67%
IceHogs - 1 on 11 Attempt(s) - 9.09%
Penalty Kill
Monsters - 10 on 11 Attempt(s) - 90.91%
- Score 0 goal in Penalty Kill
IceHogs - 5 on 6 Attempt(s) - 83.33%
- Score 0 goal in Penalty Kill
Team Stat
Monsters - Hits : 25 - Faceoff Wins : 46 - Blocked Shots : 13 - Penalty Minutes : 40
IceHogs - Hits : 22 - Faceoff Wins : 52 - Blocked Shots : 12 - Penalty Minutes : 28
Official
Referees : Pierre Lambert and Reid Anderson
Linesman : Ryan Gibbons and Steve Barton
Game Notes
General Fight at 8:38 of 3rd period
Markus Niemelainen and Zack MacEwen fight to a draw at 8:38 of 3rd period
Jeremie Poirier and Colton Dach fight to a draw at 8:38 of 3rd period
Finance
Level 1 -- Attendance: 1799 (89.95%) -- Ticket Income $62,965
Level 2 -- Attendance: 1000 (100.00%) -- Ticket Income $15,000
Total Attendance: 2799 (93.30%)
Total Ticket Income: $77,965
Other Income: $38,203
Total Income: $116,168
Monsters
5 vs 5 Forward
Center Left Wing Right Wing Time % Phy DF OF
1 Mike Vecchione Mason Morelli Mackie Samoskevich 25 1 2 2
2 Mathias Emilio Pettersen Brandon Tanev Sean Farrell 25 1 2 2
3 Zack MacEwen Colton Dach Owen Sillinger 25 1 2 2
4 Owen Sillinger Brandon Tanev Mackie Samoskevich 25 1 2 2
5 vs 5 Defense
Defense Defense Time % Phy DF OF
1 Justin Barron Isaak Phillips 25 1 2 2
2 Kevin Gravel Jacob Larsson 25 1 2 2
3 Cam Dineen Joe Hicketts 25 1 2 2
4 Cole McWard Justin Barron 25 1 2 2
PowerPlay Forward
Center Left Wing Right Wing Time % Phy DF OF
1 Owen Sillinger Mason Morelli Mackie Samoskevich 60 1 2 2
2 Mathias Emilio Pettersen Zack MacEwen Colton Dach 40 1 2 2
PowerPlay Defense
Defense Defense Time % Phy DF OF
1 Justin Barron Isaak Phillips 60 1 2 2
2 Kevin Gravel Jacob Larsson 40 1 2 2
Penalty Kill 4 Players Forward
Center Wing Time % Phy DF OF
1 Owen Sillinger Mason Morelli 60 1 2 2
2 Mackie Samoskevich Mathias Emilio Pettersen 40 1 2 2
Penalty Kill 4 Players Defense
Defense Defense Time % Phy DF OF
1 Justin Barron Isaak Phillips 60 1 2 2
2 Kevin Gravel Jacob Larsson 40 1 2 2
Penalty Kill - 3 Players Forward
Forward Time % Phy DF OF
1 Mackie Samoskevich 60 1 2 2
2 Mason Morelli 40 1 2 2
Penalty Kill - 3 Players Defense
Defense Defense Time % Phy DF OF
1 Justin Barron Isaak Phillips 60 1 2 2
2 Kevin Gravel Jacob Larsson 40 1 2 2
4 vs 4 Forward
Center Wing Time % Phy DF OF
1 Owen Sillinger Mason Morelli 60 1 2 2
2 Mackie Samoskevich Mathias Emilio Pettersen 40 1 2 2
4 vs 4 Defense
Defense Defense Time % Phy DF OF
1 Justin Barron Isaak Phillips 60 1 2 2
2 Kevin Gravel Jacob Larsson 40 1 2 2
Last Minutes Offensive
Center Left Wing Right Wing Defense Defense
Owen Sillinger Mason Morelli Mackie Samoskevich Justin Barron Isaak Phillips
Last Minutes Defensive
Center Left Wing Right Wing Defense Defense
Owen Sillinger Mason Morelli Mackie Samoskevich Justin Barron Isaak Phillips
Goaltenders
Starting : Gustav Grigals
Backup : Evan Cormier
Extra Forwards
Normal : Mason Morelli, Zack MacEwen, Colton Dach - PP : Mackie Samoskevich, Zack MacEwen - PK : Colton Dach
Extra Defensemen
Normal : Cam Dineen, Joe Hicketts, Cole McWard - PP : Cam Dineen - PK : Joe Hicketts, Cole McWard
Penalty Shots
Zack MacEwen, Mason Morelli, Mackie Samoskevich, Mathias Emilio Pettersen, Owen Sillinger
Custom OT Lines Forwards
Brandon Tanev, Mason Morelli, Mackie Samoskevich, Mathias Emilio Pettersen, Sean Farrell, Zack MacEwen, Owen Sillinger, Mike Vecchione, Colton Dach, Erik Middendorf
Custom OT Lines Defensemen
Justin Barron, Isaak Phillips, Kevin Gravel, Jacob Larsson, Cam Dineen
Scratches
Graham Slaggert (Healthy), Reece Newkirk (Healthy), Tommy Miller (Healthy), Reid Schaefer (Healthy), Tanner Dickinson (Healthy)
Brady Keeper (Healthy), Jake Gaudet (Healthy), Cameron Crotty (Healthy), Calle Clang (Healthy), Arvid Holm (Healthy)
IceHogs
5 vs 5 Forward
Center Left Wing Right Wing Time % Phy DF OF
1 Egor Afanasyev Brendan Brisson Dominik Kubalik 25 1 2 2
2 Andrew Poturalski Philip Tomasino Brian Halonen 25 1 2 2
3 Ethen Frank Christian Fischer Filip Zadina 25 1 2 2
4 Jan Jenik Valtteri Puustinen Philip Tomasino 25 1 2 2
5 vs 5 Defense
Defense Defense Time % Phy DF OF
1 Nikita Zaitsev Calle Rosen 25 1 2 2
2 Dennis Gilbert Grant Hutton 25 1 2 2
3 Jeremie Poirier Markus Niemelainen 25 1 2 2
4 Nikita Zaitsev Calle Rosen 25 1 2 2
PowerPlay Forward
Center Left Wing Right Wing Time % Phy DF OF
1 Egor Afanasyev Brendan Brisson Dominik Kubalik 60 1 2 2
2 Andrew Poturalski Philip Tomasino Filip Zadina 40 1 2 2
PowerPlay Defense
Defense Defense Time % Phy DF OF
1 Nikita Zaitsev Calle Rosen 60 1 2 2
2 Dennis Gilbert Grant Hutton 40 1 2 2
Penalty Kill 4 Players Forward
Center Wing Time % Phy DF OF
1 Egor Afanasyev Christian Fischer 60 1 2 2
2 Ethen Frank Filip Zadina 40 1 2 2
Penalty Kill 4 Players Defense
Defense Defense Time % Phy DF OF
1 Nikita Zaitsev Calle Rosen 60 1 2 2
2 Dennis Gilbert Grant Hutton 40 1 2 2
Penalty Kill - 3 Players Forward
Forward Time % Phy DF OF
1 Egor Afanasyev 60 1 2 2
2 Christian Fischer 40 1 2 2
Penalty Kill - 3 Players Defense
Defense Defense Time % Phy DF OF
1 Nikita Zaitsev Calle Rosen 60 1 2 2
2 Dennis Gilbert Grant Hutton 40 1 2 2
4 vs 4 Forward
Center Wing Time % Phy DF OF
1 Ethen Frank Christian Fischer 60 1 2 2
2 Filip Zadina Egor Afanasyev 40 1 2 2
4 vs 4 Defense
Defense Defense Time % Phy DF OF
1 Nikita Zaitsev Calle Rosen 60 1 2 2
2 Dennis Gilbert Grant Hutton 40 1 2 2
Last Minutes Offensive
Center Left Wing Right Wing Defense Defense
Egor Afanasyev Brendan Brisson Philip Tomasino Nikita Zaitsev Calle Rosen
Last Minutes Defensive
Center Left Wing Right Wing Defense Defense
Egor Afanasyev Christian Fischer Filip Zadina Nikita Zaitsev Calle Rosen
Goaltenders
Starting : Philipp Grubauer
Backup : Troy Grosenick
Extra Forwards
Normal : Ethen Frank, Brendan Brisson, Andrew Poturalski - PP : Ethen Frank, Brendan Brisson - PK : Andrew Poturalski
Extra Defensemen
Normal : Jeremie Poirier, Nikita Zaitsev, Dennis Gilbert - PP : Jeremie Poirier - PK : Calle Rosen, Dennis Gilbert
Penalty Shots
Brian Halonen, Philip Tomasino, Filip Zadina, Egor Afanasyev, Dominik Kubalik
Custom OT Lines Forwards
Egor Afanasyev, Brendan Brisson, Andrew Poturalski, Philip Tomasino, Dominik Kubalik, Brian Halonen, Ethen Frank, Filip Zadina, Valtteri Puustinen, Christian Fischer
Custom OT Lines Defensemen
Nikita Zaitsev, Calle Rosen, Dennis Gilbert, Grant Hutton, Jeremie Poirier
Scratches
Karl Henriksson (Healthy), Radim Zohorna (Healthy), Joe Snively (Healthy), James Hamblin (Healthy), T.J. Tynan (Healthy)
Josh Bloom (Healthy), Pierrick Dube (Healthy), Carson Meyer (Healthy), Matthew Seminoff (Healthy), Danny Zhilkin (Healthy)
Rory Kerins (Healthy), Josh Maniscalco (Healthy), Casey Fitzgerald (Healthy), Nate Sucese (Healthy), Josh Dunne (Healthy)
Mason Primeau (Healthy), Isaac Poulter (Healthy)
% Time on Ice - Monsters
Lines # - Real PCT - Wanted PCT - Time Play
Normal Forward
1 - 33% - 25% - 10:29
2 - 34% - 25% - 10:48
3 - 29% - 25% - 9:23
4 - 4% - 25% - 1:25
Normal Defense
1 - 16% - 25% - 5:07
2 - 31% - 25% - 10:04
3 - 35% - 25% - 11:19
4 - 17% - 25% - 5:35
PP Forward
1 - 46% - 60% - 4:21
2 - 54% - 40% - 5:07
PP Defense
1 - 56% - 60% - 5:19
2 - 44% - 40% - 4:09
PK Forward
1 - 73% - 60% - 8:29
2 - 27% - 40% - 3:05
PK Defense
1 - 66% - 60% - 7:37
2 - 34% - 40% - 3:57
PK3 Forward
1 - 89% - 60% - 3:47
2 - 11% - 40% - 0:28
PK3 Defense
1 - 38% - 60% - 1:37
2 - 62% - 40% - 2:38
44 Forward
1 - 100% - 60% - 2:38
2 - 0% - 40% - 0:00
44 Defense
1 - 60% - 60% - 1:35
2 - 40% - 40% - 1:03
Last Minute Offensive - 0:00
Last Minute Defensive - 0:00
Total
Forward - 60:00
Defense - 60:00
|
% Time on Ice - IceHogs
Lines # - Real PCT - Wanted PCT - Time Play
Normal Forward
1 - 26% - 25% - 8:21
2 - 19% - 25% - 6:07
3 - 31% - 25% - 10:00
4 - 24% - 25% - 7:37
Normal Defense
1 - 21% - 25% - 6:35
2 - 26% - 25% - 8:29
3 - 37% - 25% - 11:48
4 - 16% - 25% - 5:13
PP Forward
1 - 54% - 60% - 8:00
2 - 46% - 40% - 6:55
PP Defense
1 - 49% - 60% - 7:18
2 - 51% - 40% - 7:37
PK Forward
1 - 69% - 60% - 6:30
2 - 31% - 40% - 2:58
PK Defense
1 - 38% - 60% - 3:38
2 - 62% - 40% - 5:50
PK3 Forward
1 - 61% - 60% - 1:12
2 - 39% - 40% - 0:47
PK3 Defense
1 - 62% - 60% - 1:14
2 - 38% - 40% - 0:45
44 Forward
1 - 81% - 60% - 1:15
2 - 19% - 40% - 0:18
44 Defense
1 - 37% - 60% - 0:34
2 - 63% - 40% - 0:59
Last Minute Offensive - 0:00
Last Minute Defensive - 0:00
Total
Forward - 60:00
Defense - 60:00
|
Play-by-Play
1st period
0:01 of 1st period - Egor Afanasyev wins face-off versus Mike Vecchione in neutral zone.
0:06 of 1st period - Shot by Dominik Kubalik.
0:06 of 1st period - Stopped by Gustav Grigals with a rebound.
0:31 of 1st period - Minor Penalty to Calle Rosen for Roughing.
0:32 of 1st period - Egor Afanasyev wins face-off versus Mathias Emilio Pettersen in IceHogs zone.
0:43 of 1st period - Shot by Colton Dach.
0:43 of 1st period - Shot Blocked by Dennis Gilbert.
0:45 of 1st period - Shot by Zack MacEwen.
0:45 of 1st period - Stopped by Philipp Grubauer without a rebound.
0:46 of 1st period - Owen Sillinger wins face-off versus Ethen Frank in IceHogs zone.
1:01 of 1st period - Shot by Justin Barron.
1:01 of 1st period - Shot Misses the Net.
1:03 of 1st period - Shot by Isaak Phillips.
1:03 of 1st period - Shot Blocked by Dennis Gilbert.
1:05 of 1st period - Shot by Justin Barron.
1:05 of 1st period - Shot Blocked by Dennis Gilbert.
1:07 of 1st period - Shot by Isaak Phillips.
1:07 of 1st period - Stopped by Philipp Grubauer without a rebound.
1:08 of 1st period - Egor Afanasyev wins face-off versus Mathias Emilio Pettersen in IceHogs zone.
1:32 of 1st period - Shot by Colton Dach.
1:32 of 1st period - Stopped by Philipp Grubauer with a rebound.
2:20 of 1st period - Shot by Justin Barron.
2:20 of 1st period - Stopped by Philipp Grubauer without a rebound.
2:21 of 1st period - Owen Sillinger wins face-off versus Egor Afanasyev in IceHogs zone.
2:33 of 1st period - Icing by Sean Farrell.
2:34 of 1st period - Mathias Emilio Pettersen wins face-off versus Jan Jenik in Monsters zone.
2:34 of 1st period - Mathias Emilio Pettersen is hit by Valtteri Puustinen.
2:35 of 1st period - Minor Penalty to Valtteri Puustinen for Slashing.
2:36 of 1st period - Owen Sillinger wins face-off versus Egor Afanasyev in IceHogs zone.
3:38 of 1st period - Shot by Colton Dach.
3:38 of 1st period - Stopped by Philipp Grubauer with a rebound.
3:40 of 1st period - Shot by Mathias Emilio Pettersen.
3:40 of 1st period - Shot Blocked by Nikita Zaitsev.
4:24 of 1st period - Shot by Justin Barron.
4:24 of 1st period - Shot Blocked by Calle Rosen.
4:26 of 1st period - Shot by Isaak Phillips.
4:26 of 1st period - Stopped by Philipp Grubauer with a rebound.
4:28 of 1st period - Shot by Mason Morelli.
4:28 of 1st period - Shot Misses the Net.
4:30 of 1st period - Shot by Mackie Samoskevich.
4:30 of 1st period - Goal by Mackie Samoskevich - Monsters : 1 - IceHogs : 0.
4:31 of 1st period - Valtteri Puustinen wins face-off versus Brandon Tanev in neutral zone.
4:37 of 1st period - Off-side.
4:38 of 1st period - Jan Jenik wins face-off versus Brandon Tanev in neutral zone.
5:11 of 1st period - Shot by Brandon Tanev.
5:11 of 1st period - Shot Misses the Net.
6:21 of 1st period - Shot by Filip Zadina.
6:21 of 1st period - Shot Misses the Net.
6:59 of 1st period - Christian Fischer is hit by Mason Morelli and loses puck.
7:05 of 1st period - Off-side.
7:06 of 1st period - Mathias Emilio Pettersen wins face-off versus Egor Afanasyev in neutral zone.
7:24 of 1st period - Brandon Tanev is hit by Dominik Kubalik and loses puck.
7:28 of 1st period - Sean Farrell is hit by Calle Rosen and loses puck.
7:35 of 1st period - Shot by Mathias Emilio Pettersen.
7:35 of 1st period - Stopped by Philipp Grubauer without a rebound.
7:36 of 1st period - Andrew Poturalski wins face-off versus Zack MacEwen in IceHogs zone.
7:36 of 1st period - Andrew Poturalski is hit by Zack MacEwen.
7:52 of 1st period - Shot by Brendan Brisson.
7:52 of 1st period - Shot Misses the Net.
7:54 of 1st period - Shot by Brendan Brisson.
7:54 of 1st period - Deflect By Andrew Poturalski.
7:54 of 1st period - Stopped by Gustav Grigals with a rebound.
7:56 of 1st period - Shot by Brian Halonen.
7:56 of 1st period - Stopped by Gustav Grigals without a rebound.
7:57 of 1st period - Ethen Frank wins face-off versus Brandon Tanev in Monsters zone.
8:02 of 1st period - Shot by Filip Zadina.
8:02 of 1st period - Stopped by Gustav Grigals without a rebound.
8:03 of 1st period - Andrew Poturalski wins face-off versus Zack MacEwen in Monsters zone.
8:59 of 1st period - Brandon Tanev is hit by Nikita Zaitsev and loses puck.
10:06 of 1st period - Shot by Egor Afanasyev.
10:06 of 1st period - Stopped by Gustav Grigals without a rebound.
10:07 of 1st period - Mike Vecchione wins face-off versus Jan Jenik in Monsters zone.
10:14 of 1st period - Shot by Mackie Samoskevich.
10:14 of 1st period - Stopped by Philipp Grubauer without a rebound.
10:15 of 1st period - Ethen Frank wins face-off versus Mike Vecchione in IceHogs zone.
10:15 of 1st period - Ethen Frank is hit by Mason Morelli.
10:18 of 1st period - Christian Fischer is hit by Mason Morelli and loses puck.
10:39 of 1st period - Shot by Ethen Frank.
10:39 of 1st period - Shot Blocked by Mackie Samoskevich.
10:41 of 1st period - Shot by Dennis Gilbert.
10:41 of 1st period - Deflect By Filip Zadina.
10:41 of 1st period - Stopped by Gustav Grigals without a rebound.
10:42 of 1st period - Zack MacEwen wins face-off versus Egor Afanasyev in Monsters zone.
10:42 of 1st period - Zack MacEwen is hit by Egor Afanasyev.
11:10 of 1st period - Colton Dach is hit by Calle Rosen and loses puck.
11:13 of 1st period - Shot by Colton Dach.
11:13 of 1st period - Shot Misses the Net.
11:15 of 1st period - Shot by Cam Dineen.
11:15 of 1st period - Stopped by Philipp Grubauer without a rebound.
11:16 of 1st period - Andrew Poturalski wins face-off versus Mike Vecchione in IceHogs zone.
11:16 of 1st period - Andrew Poturalski is hit by Mason Morelli.
11:21 of 1st period - Brian Halonen is hit by Kevin Gravel and loses puck.
11:24 of 1st period - Shot by Andrew Poturalski.
11:24 of 1st period - Stopped by Gustav Grigals without a rebound.
11:25 of 1st period - Mike Vecchione wins face-off versus Ethen Frank in Monsters zone.
11:56 of 1st period - Shot by Filip Zadina.
11:56 of 1st period - Shot Blocked by Kevin Gravel.
12:11 of 1st period - Christian Fischer is hit by Mathias Emilio Pettersen and loses puck.
12:17 of 1st period - Minor Penalty to Justin Barron for Slashing.
12:18 of 1st period - Owen Sillinger wins face-off versus Egor Afanasyev in Monsters zone.
12:18 of 1st period - Owen Sillinger is hit by Dominik Kubalik.
13:54 of 1st period - Shot by Sean Farrell.
13:54 of 1st period - Shot Misses the Net.
13:59 of 1st period - Nikita Zaitsev is hit by Cole McWard and loses puck.
14:04 of 1st period - Shot by Nikita Zaitsev.
14:04 of 1st period - Stopped by Gustav Grigals with a rebound.
14:06 of 1st period - Shot by Nikita Zaitsev.
14:06 of 1st period - Stopped by Gustav Grigals without a rebound.
14:07 of 1st period - Egor Afanasyev wins face-off versus Mackie Samoskevich in Monsters zone.
14:10 of 1st period - Shot by Nikita Zaitsev.
14:10 of 1st period - Shot Blocked by Kevin Gravel.
14:22 of 1st period - Shot by Brandon Tanev.
14:22 of 1st period - Stopped by Philipp Grubauer without a rebound.
14:23 of 1st period - Mike Vecchione wins face-off versus Jan Jenik in IceHogs zone.
14:38 of 1st period - Shot by Philip Tomasino.
14:38 of 1st period - Stopped by Gustav Grigals with a rebound.
14:40 of 1st period - Shot by Valtteri Puustinen.
14:40 of 1st period - Stopped by Gustav Grigals without a rebound.
14:41 of 1st period - Mathias Emilio Pettersen wins face-off versus Egor Afanasyev in Monsters zone.
14:52 of 1st period - Shot by Sean Farrell.
14:52 of 1st period - Stopped by Philipp Grubauer without a rebound.
14:53 of 1st period - Ethen Frank wins face-off versus Colton Dach in IceHogs zone.
15:20 of 1st period - Shot by Filip Zadina.
15:20 of 1st period - Stopped by Gustav Grigals without a rebound.
15:21 of 1st period - Mathias Emilio Pettersen wins face-off versus Egor Afanasyev in Monsters zone.
15:25 of 1st period - Icing by Brandon Tanev.
15:26 of 1st period - Andrew Poturalski wins face-off versus Mathias Emilio Pettersen in Monsters zone.
15:26 of 1st period - Philip Tomasino is hit by Cam Dineen and loses puck.
16:34 of 1st period - Minor Penalty to Zack MacEwen for Hooking.
16:35 of 1st period - Egor Afanasyev wins face-off versus Owen Sillinger in Monsters zone.
16:42 of 1st period - Shot by Dennis Gilbert.
16:42 of 1st period - Deflect By Dominik Kubalik.
16:42 of 1st period - Stopped by Gustav Grigals without a rebound.
16:43 of 1st period - Egor Afanasyev wins face-off versus Mason Morelli in Monsters zone.
16:56 of 1st period - Shot by Brendan Brisson.
16:56 of 1st period - Shot Blocked by Justin Barron.
16:58 of 1st period - Shot by Brendan Brisson.
16:58 of 1st period - Shot Misses the Net.
17:24 of 1st period - Filip Zadina is hit by Owen Sillinger and loses puck.
17:39 of 1st period - Shot by Philip Tomasino.
17:39 of 1st period - Shot Misses the Net.
17:41 of 1st period - Shot by Nikita Zaitsev.
17:41 of 1st period - Shot Blocked by Isaak Phillips.
17:43 of 1st period - Shot by Philip Tomasino.
17:43 of 1st period - Stopped by Gustav Grigals without a rebound.
17:43 of 1st period - Double Minor Penalty to Gustav Grigals for Slashing.
17:44 of 1st period - Egor Afanasyev wins face-off versus Mackie Samoskevich in Monsters zone.
17:47 of 1st period - Shot by Calle Rosen.
17:47 of 1st period - Shot Misses the Net.
17:49 of 1st period - Shot by Calle Rosen.
17:49 of 1st period - Shot Misses the Net.
17:51 of 1st period - Shot by Egor Afanasyev.
17:51 of 1st period - Stopped by Gustav Grigals with a rebound.
18:39 of 1st period - Shot by Filip Zadina.
18:39 of 1st period - Stopped by Gustav Grigals with a rebound.
18:41 of 1st period - Shot by Philip Tomasino.
18:41 of 1st period - Stopped by Gustav Grigals without a rebound.
18:42 of 1st period - Owen Sillinger wins face-off versus Andrew Poturalski in Monsters zone.
Goals for this period are 1 for Monsters vs 0 for IceHogs.
Shots for this period are 12 for Monsters vs 17 for IceHogs.
2nd period
0:01 of 2nd period - Owen Sillinger wins face-off versus Dominik Kubalik in neutral zone.
0:20 of 2nd period - Icing by Nikita Zaitsev.
0:21 of 2nd period - Owen Sillinger wins face-off versus Egor Afanasyev in IceHogs zone.
0:28 of 2nd period - Shot by Nikita Zaitsev.
0:28 of 2nd period - Stopped by Gustav Grigals without a rebound.
0:29 of 2nd period - Andrew Poturalski wins face-off versus Owen Sillinger in Monsters zone.
0:50 of 2nd period - Shot by Andrew Poturalski.
0:50 of 2nd period - Shot Misses the Net.
0:52 of 2nd period - Shot by Dennis Gilbert.
0:52 of 2nd period - Stopped by Gustav Grigals without a rebound.
0:53 of 2nd period - Egor Afanasyev wins face-off versus Owen Sillinger in Monsters zone.
1:45 of 2nd period - Shot by Valtteri Puustinen.
1:45 of 2nd period - Stopped by Gustav Grigals without a rebound.
1:46 of 2nd period - Ethen Frank wins face-off versus Mike Vecchione in Monsters zone.
2:04 of 2nd period - Filip Zadina is hit by Isaak Phillips.
2:08 of 2nd period - Shot by Ethen Frank.
2:08 of 2nd period - Deflect By Filip Zadina.
2:08 of 2nd period - Stopped by Gustav Grigals with a rebound.
2:17 of 2nd period - Icing by Mike Vecchione.
2:18 of 2nd period - Andrew Poturalski wins face-off versus Mackie Samoskevich in Monsters zone.
2:18 of 2nd period - Philip Tomasino is hit by Justin Barron and loses puck.
2:33 of 2nd period - Shot by Brian Halonen.
2:33 of 2nd period - Shot Blocked by Justin Barron.
2:43 of 2nd period - Shot by Andrew Poturalski.
2:43 of 2nd period - Stopped by Gustav Grigals without a rebound.
2:44 of 2nd period - Egor Afanasyev wins face-off versus Zack MacEwen in Monsters zone.
2:52 of 2nd period - Icing by Cam Dineen.
2:53 of 2nd period - Ethen Frank wins face-off versus Zack MacEwen in Monsters zone.
3:01 of 2nd period - Cam Dineen is hit by Ethen Frank and loses puck.
3:16 of 2nd period - Colton Dach is hit by Nikita Zaitsev and loses puck.
3:21 of 2nd period - Shot by Owen Sillinger.
3:21 of 2nd period - Shot Misses the Net.
3:51 of 2nd period - Shot by Philip Tomasino.
3:51 of 2nd period - Shot Misses the Net.
4:01 of 2nd period - Shot by Philip Tomasino.
4:01 of 2nd period - Shot Misses the Net.
4:06 of 2nd period - Icing by Kevin Gravel.
4:07 of 2nd period - Mathias Emilio Pettersen wins face-off versus Egor Afanasyev in Monsters zone.
4:07 of 2nd period - Mathias Emilio Pettersen is hit by Egor Afanasyev.
4:10 of 2nd period - Brandon Tanev is hit by Egor Afanasyev and loses puck.
4:24 of 2nd period - Icing by Jeremie Poirier.
4:25 of 2nd period - Egor Afanasyev wins face-off versus Mike Vecchione in IceHogs zone.
4:34 of 2nd period - Off-side.
4:35 of 2nd period - Zack MacEwen wins face-off versus Philip Tomasino in neutral zone.
4:40 of 2nd period - Owen Sillinger is hit by Brian Halonen and loses puck.
4:56 of 2nd period - Off-side.
4:57 of 2nd period - Mike Vecchione wins face-off versus Egor Afanasyev in neutral zone.
5:03 of 2nd period - Minor Penalty to Mike Vecchione for Holding.
5:04 of 2nd period - Egor Afanasyev wins face-off versus Owen Sillinger in Monsters zone.
5:12 of 2nd period - Icing by Calle Rosen.
5:13 of 2nd period - Owen Sillinger wins face-off versus Egor Afanasyev in IceHogs zone.
5:31 of 2nd period - Minor Penalty to Mackie Samoskevich for Delaying the game.
5:32 of 2nd period - Colton Dach wins face-off versus Filip Zadina in Monsters zone.
5:32 of 2nd period - Colton Dach is hit by Andrew Poturalski.
5:50 of 2nd period - Justin Barron is hit by Andrew Poturalski and loses puck.
6:24 of 2nd period - Off-side.
6:25 of 2nd period - Egor Afanasyev wins face-off versus Owen Sillinger in neutral zone.
7:27 of 2nd period - Andrew Poturalski is hit by Owen Sillinger and loses puck.
7:34 of 2nd period - Shot by Brandon Tanev.
7:34 of 2nd period - Stopped by Philipp Grubauer without a rebound.
7:35 of 2nd period - Jan Jenik wins face-off versus Mike Vecchione in IceHogs zone.
7:35 of 2nd period - Jan Jenik is hit by Mackie Samoskevich.
8:07 of 2nd period - Shot by Mackie Samoskevich.
8:07 of 2nd period - Stopped by Philipp Grubauer without a rebound.
8:08 of 2nd period - Mathias Emilio Pettersen wins face-off versus Egor Afanasyev in IceHogs zone.
8:35 of 2nd period - Shot by Nikita Zaitsev.
8:35 of 2nd period - Shot Blocked by Cole McWard.
8:37 of 2nd period - Shot by Nikita Zaitsev.
8:37 of 2nd period - Stopped by Gustav Grigals without a rebound.
8:38 of 2nd period - Zack MacEwen wins face-off versus Ethen Frank in Monsters zone.
9:31 of 2nd period - Icing by Mackie Samoskevich.
9:32 of 2nd period - Mike Vecchione wins face-off versus Egor Afanasyev in Monsters zone.
9:36 of 2nd period - Off-side.
9:37 of 2nd period - Sean Farrell wins face-off versus Egor Afanasyev in neutral zone.
10:14 of 2nd period - Icing by Isaak Phillips.
10:15 of 2nd period - Mathias Emilio Pettersen wins face-off versus Andrew Poturalski in Monsters zone.
10:29 of 2nd period - Icing by Jeremie Poirier.
10:30 of 2nd period - Andrew Poturalski wins face-off versus Colton Dach in IceHogs zone.
10:35 of 2nd period - Shot by Brian Halonen.
10:35 of 2nd period - Shot Blocked by Jacob Larsson.
10:49 of 2nd period - Shot by Colton Dach.
10:49 of 2nd period - Shot Misses the Net.
10:51 of 2nd period - Shot by Colton Dach.
10:51 of 2nd period - Stopped by Philipp Grubauer with a rebound.
11:54 of 2nd period - Shot by Dominik Kubalik.
11:54 of 2nd period - Stopped by Gustav Grigals with a rebound.
11:56 of 2nd period - Shot by Egor Afanasyev.
11:56 of 2nd period - Shot Blocked by Joe Hicketts.
11:58 of 2nd period - Shot by Dennis Gilbert.
11:58 of 2nd period - Shot Blocked by Joe Hicketts.
12:12 of 2nd period - Shot by Brendan Brisson.
12:12 of 2nd period - Shot Misses the Net.
12:16 of 2nd period - Shot by Dominik Kubalik.
12:16 of 2nd period - Stopped by Gustav Grigals with a rebound.
12:18 of 2nd period - Shot by Dominik Kubalik.
12:18 of 2nd period - Stopped by Gustav Grigals without a rebound.
12:19 of 2nd period - Mathias Emilio Pettersen wins face-off versus Jan Jenik in Monsters zone.
12:19 of 2nd period - Mathias Emilio Pettersen is hit by Valtteri Puustinen.
12:33 of 2nd period - Shot by Sean Farrell.
12:33 of 2nd period - Deflect By Mathias Emilio Pettersen.
12:33 of 2nd period - Stopped by Philipp Grubauer without a rebound.
12:34 of 2nd period - Andrew Poturalski wins face-off versus Zack MacEwen in IceHogs zone.
12:52 of 2nd period - Off-side.
12:53 of 2nd period - Egor Afanasyev wins face-off versus Mathias Emilio Pettersen in neutral zone.
12:59 of 2nd period - Dominik Kubalik is hit by Cole McWard and loses puck.
13:11 of 2nd period - Brandon Tanev is hit by Dennis Gilbert and loses puck.
13:18 of 2nd period - Shot by Mathias Emilio Pettersen.
13:18 of 2nd period - Stopped by Philipp Grubauer with a rebound.
13:27 of 2nd period - Icing by Dennis Gilbert.
13:28 of 2nd period - Egor Afanasyev wins face-off versus Zack MacEwen in IceHogs zone.
14:26 of 2nd period - Shot by Mackie Samoskevich.
14:26 of 2nd period - Stopped by Philipp Grubauer with a rebound.
15:39 of 2nd period - Icing by Justin Barron.
15:40 of 2nd period - Mathias Emilio Pettersen wins face-off versus Andrew Poturalski in Monsters zone.
15:40 of 2nd period - Mathias Emilio Pettersen is hit by Andrew Poturalski.
15:46 of 2nd period - Andrew Poturalski is hit by Brandon Tanev and loses puck.
15:59 of 2nd period - Icing by Dennis Gilbert.
16:00 of 2nd period - Philip Tomasino wins face-off versus Owen Sillinger in IceHogs zone.
16:34 of 2nd period - Colton Dach is hit by Calle Rosen and loses puck.
17:09 of 2nd period - Icing by Cam Dineen.
17:10 of 2nd period - Mike Vecchione wins face-off versus Ethen Frank in Monsters zone.
17:14 of 2nd period - Cam Dineen is hit by Ethen Frank and loses puck.
17:18 of 2nd period - Mike Vecchione is hit by Markus Niemelainen and loses puck.
17:19 of 2nd period - Minor Penalty to Jeremie Poirier for Roughing.
17:20 of 2nd period - Egor Afanasyev wins face-off versus Mathias Emilio Pettersen in IceHogs zone.
17:35 of 2nd period - Shot by Isaak Phillips.
17:35 of 2nd period - Stopped by Philipp Grubauer without a rebound.
17:36 of 2nd period - Egor Afanasyev wins face-off versus Owen Sillinger in IceHogs zone.
17:45 of 2nd period - Shot by Mason Morelli.
17:45 of 2nd period - Stopped by Philipp Grubauer with a rebound.
17:47 of 2nd period - Shot by Owen Sillinger.
17:47 of 2nd period - Shot Misses the Net.
18:15 of 2nd period - Dennis Gilbert is hit by Mason Morelli and loses puck.
18:34 of 2nd period - Shot by Isaak Phillips.
18:34 of 2nd period - Stopped by Philipp Grubauer without a rebound.
18:35 of 2nd period - Mathias Emilio Pettersen wins face-off versus Ethen Frank in IceHogs zone.
18:54 of 2nd period - Shot by Mathias Emilio Pettersen.
18:54 of 2nd period - Stopped by Philipp Grubauer without a rebound.
18:55 of 2nd period - Owen Sillinger wins face-off versus Egor Afanasyev in IceHogs zone.
19:36 of 2nd period - Icing by Sean Farrell.
19:37 of 2nd period - Brandon Tanev wins face-off versus Andrew Poturalski in Monsters zone.
Goals for this period are 0 for Monsters vs 0 for IceHogs.
Shots for this period are 10 for Monsters vs 9 for IceHogs.
3rd period
0:01 of 3rd period - Jan Jenik wins face-off versus Owen Sillinger in neutral zone.
0:01 of 3rd period - Philip Tomasino is hit by Brandon Tanev and loses puck.
0:35 of 3rd period - Minor Penalty to Jan Jenik for Holding.
0:36 of 3rd period - Mathias Emilio Pettersen wins face-off versus Egor Afanasyev in IceHogs zone.
0:43 of 3rd period - Shot by Colton Dach.
0:43 of 3rd period - Stopped by Philipp Grubauer without a rebound.
0:44 of 3rd period - Mathias Emilio Pettersen wins face-off versus Egor Afanasyev in IceHogs zone.
1:56 of 3rd period - Egor Afanasyev is hit by Owen Sillinger.
2:24 of 3rd period - Shot by Kevin Gravel.
2:24 of 3rd period - Stopped by Philipp Grubauer without a rebound.
2:25 of 3rd period - Ethen Frank wins face-off versus Owen Sillinger in IceHogs zone.
2:35 of 3rd period - Off-side.
2:36 of 3rd period - Jan Jenik wins face-off versus Mathias Emilio Pettersen in neutral zone.
2:49 of 3rd period - Shot by Brandon Tanev.
2:49 of 3rd period - Stopped by Philipp Grubauer without a rebound.
2:50 of 3rd period - Mike Vecchione wins face-off versus Ethen Frank in IceHogs zone.
3:07 of 3rd period - Shot by Mackie Samoskevich.
3:07 of 3rd period - Deflect By Mike Vecchione.
3:07 of 3rd period - Stopped by Philipp Grubauer with a rebound.
3:09 of 3rd period - Shot by Mike Vecchione.
3:09 of 3rd period - Shot Misses the Net.
3:11 of 3rd period - Shot by Mike Vecchione.
3:11 of 3rd period - Shot Blocked by Nikita Zaitsev.
3:13 of 3rd period - Shot by Kevin Gravel.
3:13 of 3rd period - Shot Misses the Net.
3:26 of 3rd period - Icing by Calle Rosen.
3:27 of 3rd period - Mathias Emilio Pettersen wins face-off versus Ethen Frank in IceHogs zone.
3:30 of 3rd period - Shot by Sean Farrell.
3:30 of 3rd period - Stopped by Philipp Grubauer with a rebound.
3:32 of 3rd period - Shot by Brandon Tanev.
3:32 of 3rd period - Stopped by Philipp Grubauer without a rebound.
3:33 of 3rd period - Andrew Poturalski wins face-off versus Zack MacEwen in IceHogs zone.
3:33 of 3rd period - Andrew Poturalski is hit by Zack MacEwen.
3:42 of 3rd period - Andrew Poturalski is hit by Isaak Phillips and loses puck.
3:44 of 3rd period - Minor Penalty to Justin Barron for Holding.
3:45 of 3rd period - Egor Afanasyev wins face-off versus Owen Sillinger in Monsters zone.
3:58 of 3rd period - Shot by Owen Sillinger.
3:58 of 3rd period - Stopped by Philipp Grubauer with a rebound.
4:18 of 3rd period - Shot by Egor Afanasyev.
4:18 of 3rd period - Stopped by Gustav Grigals without a rebound.
4:19 of 3rd period - Mackie Samoskevich wins face-off versus Andrew Poturalski in Monsters zone.
4:35 of 3rd period - Shot by Andrew Poturalski.
4:35 of 3rd period - Stopped by Gustav Grigals without a rebound.
4:36 of 3rd period - Andrew Poturalski wins face-off versus Mackie Samoskevich in Monsters zone.
5:13 of 3rd period - Off-side.
5:14 of 3rd period - Owen Sillinger wins face-off versus Egor Afanasyev in neutral zone.
5:20 of 3rd period - Icing by Dennis Gilbert.
5:21 of 3rd period - Egor Afanasyev wins face-off versus Mackie Samoskevich in IceHogs zone.
5:45 of 3rd period - Shot by Valtteri Puustinen.
5:45 of 3rd period - Goal by Valtteri Puustinen - Monsters : 1 - IceHogs : 1.
5:46 of 3rd period - Ethen Frank wins face-off versus Zack MacEwen in neutral zone.
6:05 of 3rd period - Filip Zadina is hit by Zack MacEwen and loses puck.
6:46 of 3rd period - Shot by Mason Morelli.
6:46 of 3rd period - Stopped by Philipp Grubauer without a rebound.
6:47 of 3rd period - Egor Afanasyev wins face-off versus Mathias Emilio Pettersen in IceHogs zone.
6:58 of 3rd period - Shot by Dominik Kubalik.
6:58 of 3rd period - Stopped by Gustav Grigals with a rebound.
7:16 of 3rd period - Shot by Mathias Emilio Pettersen.
7:16 of 3rd period - Shot Misses the Net.
7:22 of 3rd period - Shot by Brandon Tanev.
7:22 of 3rd period - Shot Misses the Net.
7:24 of 3rd period - Shot by Brandon Tanev.
7:24 of 3rd period - Shot Blocked by Grant Hutton.
7:43 of 3rd period - Icing by Mason Morelli.
7:44 of 3rd period - Jan Jenik wins face-off versus Mike Vecchione in Monsters zone.
7:57 of 3rd period - Shot by Valtteri Puustinen.
7:57 of 3rd period - Deflect By Philip Tomasino.
7:57 of 3rd period - Shot Misses the Net.
8:03 of 3rd period - Shot by Valtteri Puustinen.
8:03 of 3rd period - Shot Blocked by Kevin Gravel.
8:15 of 3rd period - Shot by Mike Vecchione.
8:15 of 3rd period - Stopped by Philipp Grubauer with a rebound.
8:38 of 3rd period - Markus Niemelainen and Zack MacEwen fight to a draw.
8:38 of 3rd period - Penalty to Markus Niemelainen for Fighting.
8:38 of 3rd period - Penalty to Zack MacEwen for Fighting.
8:38 of 3rd period - Jeremie Poirier and Colton Dach fight to a draw.
8:38 of 3rd period - Penalty to Jeremie Poirier for Fighting.
8:38 of 3rd period - Penalty to Colton Dach for Fighting.
8:38 of 3rd period - Minor Penalty to Christian Fischer for High sticking.
8:38 of 3rd period - Minor Penalty to Ethen Frank for Cross-checking.
8:38 of 3rd period - Minor Penalty to Owen Sillinger for Slashing.
8:38 of 3rd period - Double Minor Penalty to Isaak Phillips for Slashing.
8:38 of 3rd period - Minor Penalty to Filip Zadina for High sticking.
8:39 of 3rd period - Egor Afanasyev wins face-off versus Sean Farrell in IceHogs zone.
8:54 of 3rd period - Shot by Sean Farrell.
8:54 of 3rd period - Shot Misses the Net.
8:56 of 3rd period - Shot by Sean Farrell.
8:56 of 3rd period - Stopped by Philipp Grubauer with a rebound.
9:32 of 3rd period - Shot by Andrew Poturalski.
9:32 of 3rd period - Shot Blocked by Mason Morelli.
9:34 of 3rd period - Shot by Dennis Gilbert.
9:34 of 3rd period - Shot Misses the Net.
10:25 of 3rd period - Shot by Jacob Larsson.
10:25 of 3rd period - Stopped by Philipp Grubauer without a rebound.
10:26 of 3rd period - Sean Farrell wins face-off versus Egor Afanasyev in IceHogs zone.
10:42 of 3rd period - Icing by Brandon Tanev.
10:43 of 3rd period - Owen Sillinger wins face-off versus Jan Jenik in Monsters zone.
10:43 of 3rd period - Owen Sillinger is hit by Jan Jenik.
10:59 of 3rd period - Icing by Owen Sillinger.
11:00 of 3rd period - Owen Sillinger wins face-off versus Ethen Frank in Monsters zone.
11:18 of 3rd period - Christian Fischer is hit by Owen Sillinger.
12:01 of 3rd period - Minor Penalty to Mason Morelli for Tripping.
12:02 of 3rd period - Egor Afanasyev wins face-off versus Mathias Emilio Pettersen in Monsters zone.
12:14 of 3rd period - Minor Penalty to Grant Hutton for Roughing.
12:15 of 3rd period - Mathias Emilio Pettersen wins face-off versus Egor Afanasyev in IceHogs zone.
12:16 of 3rd period - Shot by Brandon Tanev.
12:16 of 3rd period - Shot Misses the Net.
12:42 of 3rd period - Shot by Brandon Tanev.
12:42 of 3rd period - Shot Misses the Net.
13:28 of 3rd period - Shot by Mike Vecchione.
13:28 of 3rd period - Stopped by Philipp Grubauer without a rebound.
13:29 of 3rd period - Ethen Frank wins face-off versus Mathias Emilio Pettersen in IceHogs zone.
13:57 of 3rd period - Shot by Colton Dach.
13:57 of 3rd period - Stopped by Philipp Grubauer with a rebound.
13:59 of 3rd period - Shot by Kevin Gravel.
13:59 of 3rd period - Shot Blocked by Jeremie Poirier.
14:01 of 3rd period - Shot by Jacob Larsson.
14:01 of 3rd period - Shot Blocked by Markus Niemelainen.
14:03 of 3rd period - Shot by Isaak Phillips.
14:03 of 3rd period - Shot Blocked by Markus Niemelainen.
14:05 of 3rd period - Shot by Isaak Phillips.
14:05 of 3rd period - Shot Misses the Net.
14:17 of 3rd period - Shot by Mason Morelli.
14:17 of 3rd period - Stopped by Philipp Grubauer with a rebound.
14:26 of 3rd period - Minor Penalty to Cam Dineen for Roughing.
14:27 of 3rd period - Owen Sillinger wins face-off versus Philip Tomasino in Monsters zone.
14:49 of 3rd period - Shot by Filip Zadina.
14:49 of 3rd period - Shot Blocked by Jacob Larsson.
14:51 of 3rd period - Shot by Philip Tomasino.
14:51 of 3rd period - Shot Misses the Net.
15:55 of 3rd period - Shot by Philip Tomasino.
15:55 of 3rd period - Stopped by Gustav Grigals without a rebound.
15:56 of 3rd period - Andrew Poturalski wins face-off versus Mackie Samoskevich in Monsters zone.
16:37 of 3rd period - Shot by Dominik Kubalik.
16:37 of 3rd period - Stopped by Gustav Grigals without a rebound.
16:38 of 3rd period - Mathias Emilio Pettersen wins face-off versus Jan Jenik in Monsters zone.
16:53 of 3rd period - Shot by Nikita Zaitsev.
16:53 of 3rd period - Shot Misses the Net.
17:23 of 3rd period - Shot by Zack MacEwen.
17:23 of 3rd period - Stopped by Philipp Grubauer without a rebound.
17:24 of 3rd period - Egor Afanasyev wins face-off versus Mike Vecchione in IceHogs zone.
17:26 of 3rd period - Minor Penalty to Mason Morelli for Tripping.
17:27 of 3rd period - Egor Afanasyev wins face-off versus Owen Sillinger in Monsters zone.
17:27 of 3rd period - Egor Afanasyev is hit by Justin Barron.
17:44 of 3rd period - Minor Penalty to Isaak Phillips for Hooking.
17:45 of 3rd period - Andrew Poturalski wins face-off versus Mackie Samoskevich in Monsters zone.
17:46 of 3rd period - Shot by Dennis Gilbert.
17:46 of 3rd period - Stopped by Gustav Grigals with a rebound.
18:02 of 3rd period - Shot by Philip Tomasino.
18:02 of 3rd period - Stopped by Gustav Grigals with a rebound.
18:36 of 3rd period - Shot by Brendan Brisson.
18:36 of 3rd period - Stopped by Gustav Grigals without a rebound.
18:37 of 3rd period - Egor Afanasyev wins face-off versus Colton Dach in Monsters zone.
18:44 of 3rd period - Shot by Egor Afanasyev.
18:44 of 3rd period - Goal by Egor Afanasyev - Monsters : 1 - IceHogs : 2.
18:45 of 3rd period - Egor Afanasyev wins face-off versus Owen Sillinger in neutral zone.
18:47 of 3rd period - Calle Rosen is hit by Mason Morelli and loses puck.
18:49 of 3rd period - Minor Penalty to Egor Afanasyev for Tripping.
18:49 of 3rd period - Minor Penalty to Mason Morelli for Interference.
18:50 of 3rd period - Mackie Samoskevich wins face-off versus Ethen Frank in neutral zone.
19:35 of 3rd period - Shot by Mackie Samoskevich.
19:35 of 3rd period - Shot Blocked by Calle Rosen.
19:37 of 3rd period - Shot by Mackie Samoskevich.
19:37 of 3rd period - Shot Blocked by Nikita Zaitsev.
19:39 of 3rd period - Shot by Cole McWard.
19:39 of 3rd period - Stopped by Philipp Grubauer without a rebound.
19:40 of 3rd period - Colton Dach wins face-off versus Filip Zadina in IceHogs zone.
19:57 of 3rd period - Shot by Filip Zadina.
19:57 of 3rd period - Stopped by Gustav Grigals without a rebound.
19:58 of 3rd period - Owen Sillinger wins face-off versus Ethen Frank in Monsters zone.
19:58 of 3rd period - Owen Sillinger is hit by Christian Fischer.
Goals for this period are 0 for Monsters vs 2 for IceHogs.
Shots for this period are 16 for Monsters vs 11 for IceHogs.
Back to the Top